 Dungeon Crawl Stone Soup version 0.30.0 (webtiles) character file.

Game seed: 9177087081303658567

24 pablito the Magician (level 2, -2/19 HPs)
             Began as a Demonspawn Hedge Wizard on May 5, 2023.
             Slain by an adder (3 damage)
             ... on level 2 of the Dungeon.
             The game lasted 00:05:25 (1371 turns).

pablito the Magician (Demonspawn Hedge Wizard)      Turns: 1371, Time: 00:05:25

Health: -2/19      AC:  2    Str: 10    XL:     2   Next: 79%
Magic:  6/6        EV: 12    Int: 15    God:
Gold:   24         SH:  0    Dex: 12    Spells: 6/7 levels left

rFire   . . .        a - +0 dagger
rCold   . . .        (no shield)
rNeg    . . .        b - +0 robe
rPois   .            c - +0 hat
rElec   .            (no cloak)
rCorr   .            (no gloves)
SInv    .            (no boots)
Will    .....        (no amulet)
Stlth   ++           (no ring)
HPRegen 0.23/turn    (no ring)
MPRegen 0.10/turn

%: no passive effects
@: lethally poisoned (-2 -> -6)
A: demonic guardian 1
a: no special abilities


You were on level 2 of the Dungeon.
You visited 1 branch of the dungeon, and saw 2 of its levels.

You collected 24 gold pieces.

Inventory:

Hand Weapons
 a - a +0 dagger (weapon)
Missiles
 f - 12 poisoned darts
Armour
 b - a +0 robe (worn)
 c - a +0 hat (worn)
 i - a +0 ring mail
Scrolls
 e - 4 scrolls of identify {unknown}
 g - a scroll of teleportation {unknown}
 h - a scroll of torment {unknown}
 l - a scroll of vulnerability {unknown}
Potions
 d - a potion of magic
 j - 2 potions of flight {unknown}
 k - 2 potions of ambrosia {unknown}


   Skills:
 - Level 1.7 Dodging
 - Level 1.7 Stealth
 * Level 3.3 Spellcasting
 * Level 1.5 Conjurations
 * Level 1.6 Summonings
 + Level 1.1 Translocations


You had 6 spell levels left.
You knew the following spells:

 Your Spells              Type           Power      Damage    Failure   Level
a - Magic Dart            Conj           28%        1d4       10%         1

Your spell library contained the following spells:

 Spells                   Type           Power      Damage    Failure   Level
 Call Imp                 Summ           14%        N/A       16%         2
 Slow                     Hex            8%         N/A       19%         1
 Blink                    Tloc           12%        N/A       19%         2
 Cigotuvi's Dreadful Rot  Necr/Pois/Air  4%         N/A       28%         2
 Mephitic Cloud           Conj/Pois/Air  4%         N/A       43%         3


Dungeon Overview and Level Annotations

Branches:
Dungeon (2/15)

Altars:


Innate Abilities, Weirdness & Mutations

A weak demonic guardian rushes to your aid.


Message History

You hit the worm.
The worm is almost dead.
The worm bites you but does no damage.
You hit the worm.
The worm is almost dead.
The worm closely misses you.
You hit the worm.
You kill the worm!
Magic restored.
e - 4 scrolls labelled VUOCYI HOMU (gained 1)
k - 2 dark potions An adder comes into view.
Found a scroll labelled QEAZEU FUFFO.
You start waiting.
Done waiting.
l - a scroll labelled QEAZEU FUFFO The adder hisses angrily.
A rat comes into view.
You completely miss the adder. The adder bites you.
You hit the adder.
The adder is lightly wounded.
The adder barely misses you.
You hit the adder.
The adder is moderately wounded.
The adder closely misses you. x2
The adder attacks as you move away! The adder bites you.
The adder attacks as you move away! The adder bites you.
You are poisoned.
The adder poisons you!
You feel sick. The adder closely misses you.
The adder attacks as you move away! The adder bites you.
You are lethally poisoned!
The adder poisons you!
* * * LOW HITPOINT WARNING * * *
You feel very sick.
* * * LOW HITPOINT WARNING * * *
You feel sick. The adder bites you but does no damage.
The adder attacks as you move away! The adder bites you.
* * * LOW HITPOINT WARNING * * *
x2 You feel sick.
The adder bites you.
You die...

###......#####..
#......#........###
#......#..# #....#
#......#..#######.#
#......#....# #.#
#...[.....#.# #.#
######..#...# ##.######
#..#.#.####.....#.#
#..#.#<..@Sr..#.#.#####.#
#....#........#.........#
#.##########..###########
#.##............#
#....########...# ######
#.....?....# #..####.####
#..# # #...


You could see an adder and a rat.

Vanquished Creatures
  A dart slug (D:1)
  A worm (D:2)
  A ball python (D:1)
  2 endoplasms (D:1)
  A jackal (D:1)
  3 kobolds (D:1)
  A quokka (D:1)
  4 bats (D:1)
  A goblin (D:1)
15 creatures vanquished.

Vanquished Creatures (collateral kills)
  2 jackals (D:1)
  A quokka (D:1)
3 creatures vanquished.

Grand Total: 18 creatures vanquished

Notes
Turn   | Place    | Note
-------+----------+-------------------------------------------
     0 | D:1      | pablito the Demonspawn Hedge Wizard began the quest for the
                  | Orb.
     0 | D:1      | Reached XP level 1. HP: 13/13 MP: 4/4
    65 | D:1      | Reached skill level 1 in Translocations
   472 | D:1      | Gained mutation: A weak demonic guardian rushes to your
                  | aid. [demonic ancestry]
   472 | D:1      | Reached XP level 2. HP: 14/19 MP: 6/6
  1371 | D:2      | Slain by an adder

Illustrated notes

Levels and vault maps discovered:
D:1:      psy_arrival_basics, layout_basic, kennysheep_crisscross
D:2:      layout_basic, uniq_terence, uniq_jessica

Skill      XL: |  1 |
---------------+----+-----
Translocations | 1 |  1.1
Dodging        | |  1.7
Stealth        | |  1.7
Spellcasting   | |  3.3
Conjurations   | |  1.5
Summonings     | |  1.6

Action                     || total
---------------------------++-------
  Melee: Dagger            ||    71
   Cast: Magic Dart        ||    12
   Stab: Sleeping          ||     3
 Armour: Robe              ||    12
  Dodge: Dodged            ||    46
